 Dungeon Crawl Stone Soup version 0.19.1-1-g22dce08 (console) character file.

49 sose the Conjurer (level 3, -3/19 HPs)
             Began as a Deep Elf Conjurer on Dec 29, 2016.
             Slain by a gnoll
             ... wielding a +0 spear
              (6 damage)
             ... on level 2 of the Dungeon.
             The game lasted 00:02:50 (1203 turns).

sose the Conjurer (Deep Elf Conjurer)               Turns: 1203, Time: 00:02:51

Health: -3/19      AC:  2    Str:  5    XL:     3   Next: 53%
Magic:  8/10       EV: 13    Int: 20    God:
Gold:   120        SH:  0    Dex: 15    Spells: 2 memorised, 7 levels left

rFire  . . .     SeeInvis .     n - +0 dagger
rCold  + . .     Gourm    .     a - +0 robe
rNeg   . . .     Faith    .     (no shield)
rPois  .         Spirit   .     (no helmet)
rElec  .         Reflect  .     (no cloak)
rCorr  .         Harm     .     (no gloves)
MR     .....                    (no boots)
Stlth  ++........               (no amulet)
                                (no ring)
                                e - ring of protection from cold

@: no status effects
A: no striking features
a: no special abilities


You were on level 2 of the Dungeon.
You were not hungry.

You visited 1 branch of the dungeon, and saw 2 of its levels.

You collected 120 gold pieces.

Inventory:

Hand Weapons
 n - a +0 dagger (weapon)
Armour
 a - a +0 robe (worn)
Jewellery
 e - a ring of protection from cold (left hand)
Scrolls
 d - 2 scrolls of identify {unknown}
 f - a scroll of teleportation {unknown}
 h - 2 scrolls of remove curse {unknown}
 k - a scroll of magic mapping {unknown}
 p - a scroll of fog {unknown}
Potions
 j - a potion of flight {unknown}
 m - a potion of heal wounds {unknown}
 o - a potion of curing {unknown}
Books
 b - a book of Conjurations

   Spells                             Type                      Level
   a - Magic Dart                     Conjuration                  1
   b - Searing Ray                    Conjuration                  2
   c - Dazzling Spray                 Conjuration/Hexes            3
   d - Fulminant Prism                Conjuration/Hexes            4
   e - Iskenderun's Mystic Blast      Conjuration                  4
   f - Iskenderun's Battlesphere      Conjuration/Charms           5
Comestibles
 c - 4 bread rations
 i - a beef jerky
 l - a meat ration


   Skills:
 - Level 2.4 Dodging
 - Level 2.4 Stealth
 + Level 4.4 Spellcasting
 + Level 5.1 Conjurations


You had 7 spell levels left.
You knew the following spells:

 Your Spells              Type           Power        Failure   Level  Hunger
a - Magic Dart            Conj           ###.         1%          1    None
b - Searing Ray           Conj           ###...       2%          2    #......


Dungeon Overview and Level Annotations

Branches:
Dungeon (2/15)

Altars:


Message History

This raw flesh tastes terrible.
HP restored.
You start resting.
Magic restored.
You climb downwards.
The gnoll hits you with a spear! x2
* * * LOW HITPOINT WARNING * * *
There is a stone staircase leading up here.
Unknown command.
Casting: Searing Ray
Confirm with . or Enter, or press ? or * to list all spells.
You don't know that spell.
Casting: Searing Ray
Confirm with . or Enter, or press ? or * to list all spells.
Aiming: Searing Ray
Press: ? - help, Shift-Dir - straight line, f - gnoll
Aim: a gnoll, wielding a spear (heavily wounded)
The searing ray hits the gnoll.
The gnoll is severely wounded.
The giant cockroach misses you. The gnoll hits you with a spear.
You die...

#. #. #.####### #.......##
#.......##_. . ###
#.......'###.?#######..#
#... ##.....s#.#
#s))......#
#....++....g@#g#
#####.#####
#....##......#s# ##'#
####....#.....###.# #..#
#............†# #.# #.##
#...<.###.....###.# #s#
##..[..###.........### #.#
....................>####.#
..........................#
........#.##.###.##########


You could see a gnoll and a giant cockroach.

Vanquished Creatures
  2 gnolls (D:2)
  2 leopard geckos (D:1)
  3 giant cockroaches (D:2)
  3 hobgoblins (D:1)
  4 jackals (D:2)
  A kobold (D:1)
  A ball python (D:1)
  4 bats
  A frilled lizard (D:2)
  2 goblins (D:2)
  4 rats
27 creatures vanquished.

Vanquished Creatures (others)
  A giant cockroach (D:2)
1 creature vanquished.

Grand Total: 28 creatures vanquished

Notes
Turn   | Place    | Note
-------+----------+-------------------------------------------
     0 | D:1      | sose the Deep Elf Conjurer began the quest for the Orb.
     0 | D:1      | Reached XP level 1. HP: 10/10 MP: 6/6
   247 | D:1      | Reached XP level 2. HP: 15/15 MP: 3/8
   251 | D:1      | Learned a level 2 spell: Searing Ray
  1045 | D:2      | Reached XP level 3. HP: 19/19 MP: 4/10
  1089 | D:2      | Found a faded altar of an unknown god.
  1089 | D:2      | Found a faded altar of an unknown god.
  1094 | D:2      | Reached skill level 5 in Conjurations
  1203 | D:2      | Slain by a gnoll

Skill      XL: |  1  2  3 |
---------------+----------+-----
Spellcasting   | 4 |  4.4
Conjurations   | 5 |  5.1
Dodging        | |  2.4
Stealth        | |  2.4

Action                   || total
-------------------------++-------
Melee: Unarmed           ||    12
       Dagger            ||     2
 Cast: Magic Dart        ||    39
       Searing Ray       ||     6
  Eat: Chunk             ||     1
Armor: Robe              ||     4
Dodge: Dodged            ||    32
